 Dungeon Crawl Stone Soup version 0.26-a0-651-gb41185065b (webtiles) character file.

Game seed: 319163186493188541

(classic levelgen) 686 EnegeticOcto the Chopper (level 7, -8/64 HPs)
             Began as a Deep Dwarf Fighter on Oct 7, 2020.
             Was an Initiate of Makhleb.
             Mangled by a two-headed ogre
             ... wielding a +0 giant spiked club
              (23 damage)
             ... on level 5 of the Dungeon.
             The game lasted 00:01:06 (1465 turns).

EnegeticOcto the Chopper (Deep Dwarf Fighter)       Turns: 1465, Time: 00:01:06

Health: -8/64      AC:  7    Str: 21    XL:     7   Next: 35%
Magic:  8/8        EV:  7    Int:  9    God:    Makhleb [......]
Gold:   190        SH: 10    Dex: 12    Spells: 6/6 levels left

rFire    . . .     SeeInvis .   a - +0 war axe
rCold    . . .     Faith    .   c - +0 kite shield
rNeg     . . .     Spirit   .   b - +0 scale mail
rPois    .         Reflect  .   (no helmet)
rElec    .         Harm     .   (no cloak)
rCorr    .         Rampage  .   (no gloves)
MR       +....                  (no boots)
Stlth    ..........             (no amulet)
HPRegen  0.00/turn              (no ring)
MPRegen  0.11/turn              (no ring)

@: non-regenerating
A: damage resistance, heal wounds, sense surroundings 1, no regeneration
a: Heal Wounds, Renounce Religion


You were on level 5 of the Dungeon.
You worshipped Makhleb.
Makhleb was noncommittal.
You visited 2 branches of the dungeon, and saw 6 of its levels.

You collected 190 gold pieces.

Inventory:

Hand Weapons
 a - a +0 war axe (weapon)
Armour
 b - a +0 scale mail (worn)
 c - a +0 kite shield (worn)
Scrolls
 e - 3 scrolls of identify {unknown}
 g - 2 scrolls of enchant armour {unknown}
 i - 3 scrolls of enchant weapon {unknown}
 j - a scroll of immolation {unknown}
 k - a scroll of random uselessness {unknown}
 l - 2 scrolls of teleportation {unknown}
 m - a scroll of amnesia {unknown}
 o - 5 scrolls of remove curse {unknown}
Potions
 d - 2 potions of might {@q3}
 f - 2 potions of heal wounds {unknown}
 h - a potion of flight {unknown}
 n - 2 potions of brilliance {unknown}
 p - a potion of berserk rage {unknown}
 q - a potion of stabbing {unknown}


   Skills:
 + Level 4.1 Fighting
 * Level 5.8 Axes
 + Level 5.0 Armour
 + Level 5.0 Shields
 + Level 2.3 Invocations


You had 6 spell levels left.
You didn't know any spells.
Your spell library was empty.

Dungeon Overview and Level Annotations

Branches:
Dungeon (5/15)             Temple (1/1) D:5

Altars:
Ashenzari
Dithmenos
Elyvilon
Fedhas
Makhleb
Nemelex Xobeh
Okawaru
Ru
Sif Muna
Trog
Vehumet
Xom
The Shining One

Shops:
D:5 !


Innate Abilities, Weirdness & Mutations

You are resistant to damage.
You can heal yourself by infusing magical energy.
You passively map a small area around you.
You do not regenerate.


Message History

A gnoll comes into view.
The goblin shoots a stone.
The stone hits you.
The hobgoblin shoots a sling bullet.
The sling bullet hits you.
Things that are here:
a sling bullet; a stone; a throwing net
There are monsters nearby!
There are monsters nearby!
There are monsters nearby!
There are monsters nearby!
You struggle against the net.
The gnoll shouts!
A goblin comes into view. It is wielding a +0 hunting sling.
The goblin shoots a stone.
The stone barely misses you.
You struggle against the net.
The goblin shouts!
The hobgoblin shoots a sling bullet.
The sling bullet hits you but does no damage.
A centaur comes into view.
You struggle against the net.
A gnoll comes into view. It is wielding a +0 whip.
The goblin shoots a stone.
The stone hits you but does no damage.
You struggle against the net.
You struggle against the net.
The gnoll barely misses you.
You shred the net and break free! You block the gnoll's attack.
The gnoll hits you with a +0 halberd.
You barely miss the gnoll.
The goblin shoots a stone.
You block the stone.
You barely miss the gnoll. You hit the gnoll. You block the gnoll's attack.
The gnoll completely misses you.
You closely miss the gnoll.
The gnoll is heavily wounded.
You hit the gnoll.
The gnoll hits you but does no damage. x2
There are monsters nearby!
There are monsters nearby!
There are monsters nearby!
There are monsters nearby!
There are monsters nearby!
There are monsters nearby!
There are monsters nearby!
You closely miss the gnoll.
The gnoll is heavily wounded.
Your shield prevents you from hitting the gnoll.
The gnoll hits you with a +0 whip. The gnoll barely misses you.
You hit the gnoll.
The gnoll is almost dead.
You slash the gnoll!
You kill the gnoll!
Makhleb accepts your kill.
Your Shields skill increases to level 5!
The centaur wields a +0 shortbow.
The centaur shoots an arrow.
The arrow hits you!
The goblin shoots a stone.
You block the stone.
The gnoll hits you but does no damage. x2
You hit the gnoll.
You kill the gnoll!
Makhleb accepts your kill.
You slash the gnoll! The gnoll hits you with a +0 flail.
You closely miss the gnoll.
The gnoll is almost dead.
The gnoll barely misses you.
You barely miss the gnoll.
The gnoll is almost dead.
You block the gnoll's attack.
You hit the gnoll but do no damage.
The gnoll is almost dead.
A two-headed ogre comes into view.
It is wielding a +0 giant spiked club and a +0 giant club.
The gnoll hits you but does no damage.
The two-headed ogre shouts in stereo!
You slash the gnoll!
You kill the gnoll!
Makhleb accepts your kill.
The centaur shoots an arrow.
You block the arrow.
You closely miss the goblin.
The goblin unwields a +0 hunting sling.
The goblin hits you but does no damage.
You slash the goblin!
You kill the goblin!
Makhleb accepts your kill.
The goblin shoots a stone.
You block the stone.
You closely miss the hobgoblin.
The hobgoblin unwields a +0 hunting sling.
The hobgoblin completely misses you.
You hit the two-headed ogre.
The two-headed ogre is lightly wounded.
You barely miss the hobgoblin. You block the hobgoblin's attack.
You block the two-headed ogre's attack.
The two-headed ogre hits you with a +0 giant club!
The hobgoblin hits you.
You slash the two-headed ogre!
The two-headed ogre is moderately wounded.
You barely miss the hobgoblin. You block the hobgoblin's attack.
The two-headed ogre misses you.
The two-headed ogre hits you with a +0 giant club!
You slash the two-headed ogre!
The two-headed ogre is heavily wounded.
You slash the hobgoblin!
You kill the hobgoblin!
Makhleb accepts your kill. You block the gnoll's attack.
The two-headed ogre hits you with a +0 giant spiked club!
* * * LOW HITPOINT WARNING * * *
The two-headed ogre hits you with a +0 giant club!!
You die...

≈≈≈≈≈≈≈≈≈≈ ≈ , ≈ ≈≈≈≈≈≈≈≈≈≈ ≈
≈≈....≈ ≈≈≈≈≈≈≈≈≈≈ ≈ ≈≈.....
.≈≈≈.≈.≈≈≈ , ≈≈≈≈..... ≈ ≈
.........., , ....... , ,
.......... , ,g.... , , , ,,
>......... ,, , c.., , ,
.################g#####. , *
................@O......
#######........(..#..!.. , ...#
#.#######.....)... ,#.* ...# #.#
.......... . #.# ...# #.#
*.#....#### * ##.#.. ...# #.#
#.#....# , ...... ...# #.#
#.#....# #. #.....#.
...####.#####.#....## #.##.......
....).................#.##.....#.


You could see a two-headed ogre, a centaur, a gnoll and a goblin.

Vanquished Creatures
  An ice beast (D:5)
  An ogre (D:5)
  A howler monkey (D:4)
  2 centaur zombies (D:4)
  2 orc priests (D:5)
  A hound (D:4)
  A jelly (D:5)
  An orc wizard (D:5)
  3 centaur skeletons (D:4)
  A worker ant (D:4)
  A hound skeleton (D:4)
  A howler monkey zombie (D:4)
  2 adders
  3 gnolls (D:5)
  2 ufetubi (D:5)
  An adder zombie (D:4)
  An adder skeleton (D:4)
  5 worms
  2 leopard geckos
  12 orcs
  7 goblins
  4 hobgoblins
  A ball python (D:4)
  A bat (D:2)
  2 frilled lizards (D:5)
  A giant cockroach zombie (D:4)
  A leopard gecko skeleton (D:4)
  A quokka skeleton (D:4)
  A quokka zombie (D:4)
  2 rats
65 creatures vanquished.

Vanquished Creatures (others)
  9 plants (D:4)
  A withered plant (D:4)
10 creatures vanquished.

Grand Total: 75 creatures vanquished

Notes
Turn   | Place    | Note
-------+----------+-------------------------------------------
     0 | D:1      | EnegeticOcto the Deep Dwarf Fighter began the quest for the
                  | Orb.
     0 | D:1      | Reached XP level 1. HP: 20/20 MP: 1/1
   148 | D:2      | Reached XP level 2. HP: 25/27 MP: 2/2
   254 | D:4      | Reached XP level 3. HP: 27/33 MP: 3/3
   260 | D:4      | Reached XP level 4. HP: 26/42 MP: 4/4
   315 | D:4      | Reached XP level 5. HP: 44/49 MP: 5/5
   485 | D:4      | Reached XP level 6. HP: 34/56 MP: 6/6
   668 | D:5      | Entered Level 5 of the Dungeon
   724 | D:5      | Found a bloodstained altar of Trog.
   745 | D:5      | Found a staircase to the Ecumenical Temple.
   773 | Temple   | Entered the Ecumenical Temple
  1073 | Temple   | Became a worshipper of Makhleb the Destroyer
  1161 | D:5      | Noticed an ice beast
  1176 | D:5      | Killed an ice beast
  1176 | D:5      | Reached skill level 5 in Axes
  1176 | D:5      | Reached skill level 1 in Invocations
  1307 | D:5      | Reached XP level 7. HP: 38/64 MP: 8/8
  1361 | D:5      | Found Boded's Distillery.
  1428 | D:5      | Reached skill level 5 in Armour
  1454 | D:5      | Reached skill level 5 in Shields
  1458 | D:5      | Noticed a two-headed ogre
  1465 | D:5      | Mangled by a two-headed ogre

Illustrated notes

Levels and vault maps discovered:
D:1:      saegor_arrival_under_anarchy, layout_rooms
D:2:      layout_basic, amethyst_overflow_temple_binary,
          nicolae_gozag_cash_rules_everything_around_me
D:3:      layout_loops_cross, zin_scriptorium
D:4:      layout_rooms, serial_undead, serial_undead_d, serial_undead_e,
          serial_undead_d, serial_undead_b, serial_bayou_lake_a
D:5:      minmay_goblin_kobold_castle, layout_basic, bloody_trog,
          minmay_temple_entry_offerings, serial_shops, shop
Temple:   minmay_temple_forest_path

Skill      XL: |  1  2  3  4  5  6  7 |
---------------+----------------------+-----
Axes           | 3 4 5 |  5.8
Fighting       | 3 4 |  4.1
Armour         | 4 5 |  5.0
Shields        | 4 5 |  5.0
Invocations    | 1 2 |  2.3

Action                   |  1- 3 |  4- 6 |  7- 9 || total
-------------------------+-------+-------+-------++-------
Melee: War axe           |    62 |   112 |    62 ||   236
 Abil: Heal Wounds       |       |     2 |     5 ||     7
Armor: Scale mail        |    31 |    41 |    25 ||    97
Dodge: Dodged            |    25 |    29 |    12 ||    66
Block: Kite shield       |    34 |    64 |    25 ||   123

Table legend: (Time is in decaauts)
 A = Elapsed time spent in this place.
 B = Non-inter-level travel time spent in this place.
 C = Inter-level travel time spent in this place.
 D = Time resting spent in this place.
 E = Time spent auto-exploring this place.
 F = Levels seen in this place.
 G = Mean time per level.
                   A        B        C        D        E       F      G
               +--------+--------+--------+--------+--------+-----+--------+
         Total |   1587 |   1465 |    122 |      0 |    948 |   6 |  264.5 |
       Dungeon |   1251 |   1202 |     49 |      0 |    687 |   5 |  250.2 |
        Temple |    335 |    263 |     72 |      0 |    261 |   1 |  335.0 |
               +--------+--------+--------+--------+--------+-----+--------+

Top non-repeatable levels by time:
     D:5: 490 daAuts
     D:4: 489 daAuts
  Temple: 335 daAuts
     D:2: 142 daAuts
     D:1: 115 daAuts
     D:3: 13 daAuts
